 Dungeon Crawl Stone Soup version 0.27.1 (webtiles) character file.

Game seed: 9016464060451362048

25 Malachi the Ruffian (level 3, -1/31 HPs)
             Began as a Naga Transmuter on Aug 25, 2021.
             Slain by an ogre (32 damage)
             ... on level 2 of the Dungeon.
             The game lasted 00:01:46 (1807 turns).

Malachi the Ruffian (Naga Transmuter)               Turns: 1807, Time: 00:01:46

Health: -1/31      AC:  3    Str: 12    XL:     3   Next: 6%
Magic:  5/6        EV:  9    Int: 14    God:
Gold:   57         SH:  0    Dex: 11    Spells: 2/6 levels left

rFire    . . .     SeeInvis +     - Unarmed
rCold    . . .     Faith    .   (no shield)
rNeg     . . .     Spirit   .   e - +0 troll leather armour
rPois    +         Reflect  .   (no helmet)
rElec    .         Harm     .   (no cloak)
rCorr    .         Rampage  .   (no gloves)
Will     .....                  (no barding)
Stlth    +.........             (no amulet)
HPRegen  1.10/turn              (no ring)
MPRegen  0.10/turn              (no ring)

@: very slightly contaminated, very slow
A: AC +1, large, see invisible, deformed body, poison resistance, slowness 2,
spit poison 1, naga tail 1
a: Spit Poison


You were on level 2 of the Dungeon.
You visited 1 branch of the dungeon, and saw 2 of its levels.

You collected 57 gold pieces.

Inventory:

Armour
 a - a +0 robe
 e - a +0 troll leather armour (worn)
 f - a +0 tower shield
Scrolls
 b - a scroll of summoning {unknown}
 c - a scroll of identify {unknown}
 g - a scroll of fear {unknown}
 i - a scroll of enchant armour {unknown}
Potions
 d - a potion of heal wounds {unknown}
 h - a potion of flight {unknown}


   Skills:
 - Level 1.0 Fighting
 * Level 0.1 Armour
 - Level 1.6 Dodging
 * Level 3.5 Unarmed Combat
 - Level 2.0 Spellcasting
 * Level 2.7 Transmutations


You had 2 spell levels left.
You knew the following spells:

 Your Spells              Type           Power      Damage    Failure   Level
a - Beastly Appendage     Tmut           18%        N/A       10%         1
b - Spider Form           Tmut/Pois      2%         N/A       45%         3

Your spell library contained the following spells:

 Spells                   Type           Power      Damage    Failure   Level
 Wereblood                Tmut           9%         N/A       16%         2
 Ice Form                 Ice/Tmut       5%         N/A       86%         4


Dungeon Overview and Level Annotations

Branches:
Dungeon (2/15)

Altars:


Innate Abilities, Weirdness & Mutations

Your serpentine skin is tough. (AC +1)
You have supernaturally acute eyesight. (SInv)
Armour fits poorly on your strangely shaped body.
Your system is resistant to poisons. (rPois)
You cover ground very slowly.
You can spit poison.
You have a snake-like lower body.


Message History

Magic restored.
You open the door.
There is an open door here.
Your horns disappear.
You open the door.
Found a stone staircase leading down.
Found a robe.
There is an open door here.
Found a stone staircase leading up.
There is a stone staircase leading up here.
An ogre comes into view. It is wielding a +0 giant club.
The ogre shouts!
An ogre is nearby!
Press: ? - help, Shift-Dir - straight line, f - ogre
Aim: an ogre, wielding a +0 giant club The splash of poison hits the ogre.
The ogre is poisoned.
The ogre is lightly wounded.
Casting: Beastly Appendage (safe; 10% risk of failure)
Confirm with . or Enter, or press ? or * to list all spells.
You miscast Beastly Appendage.
You are very lightly contaminated with residual magic.
Nothing appears to happen.
You hit the ogre but do no damage.
The ogre is lightly wounded.
The ogre barely misses you.
You hit the ogre.
The ogre is heavily wounded.
The ogre barely misses you.
You barely miss the ogre.
The ogre is heavily wounded.
The ogre barely misses you.
You hit the ogre but do no damage.
The ogre is heavily wounded.
You have got your breath back.
The ogre looks more healthy.
You hit the ogre.
The ogre is heavily wounded.
The ogre hits you with a +0 giant club!!
Ouch! That really hurt!
You die...

######### ........#
#######.## #.##.####
#.#.....#####
#.#####.#...
#######.....<.#.########
................@.......
#############.#.#O######
#.#.#.# ##+######
#.#.#.# ........#
#.#.#.# ........#
#.#.#.. ........#
#.#.### ........# ..#..
........#.


You could see an ogre.

Vanquished Creatures
  4 ball pythons (D:1)
  4 endoplasms (D:1)
  4 giant cockroaches (D:1)
  2 hobgoblins
  A kobold (D:1)
  A bat (D:1)
  2 frilled lizards (D:1)
  A goblin (D:1)
  5 rats (D:1)
24 creatures vanquished.

Notes
Turn   | Place    | Note
-------+----------+-------------------------------------------
     0 | D:1      | Malachi the Naga Transmuter began the quest for the Orb.
     0 | D:1      | Reached XP level 1. HP: 18/18 MP: 3/3
   333 | D:1      | Reached XP level 2. HP: 18/25 MP: 3/5
  1621 | D:1      | Reached XP level 3. HP: 31/31 MP: 6/6
  1625 | D:1      | Learned a level 3 spell: Spider Form
  1800 | D:2      | Noticed an ogre
  1807 | D:2      | Slain by an ogre

Illustrated notes

Levels and vault maps discovered:
D:1:      wander_arrival_desolate, layout_basic
D:2:      layout_basic

Action                   || total
-------------------------++-------
Melee: Unarmed           ||    64
       Headbutt          ||     3
 Cast: Beastly Appendage ||     6
 Abil: Spit Poison       ||    17
Armor: Robe              ||     9
       Troll leather arm ||     1
Dodge: Dodged            ||    26
